 Dungeon Sprint DCSS version 0.18-a0-965-g9200175 (webtiles) character file.

433 Ishamoridin the Grappler (level 7, -13/66 HPs)
             Began as a Ghoul Monk on Jan 1, 2016.
             Was an Initiate of Ru.
             Shot with an arrow by a centaur warrior (25 damage)
             ... in the Dungeon (Sprint I: "Red Sonja").
             The game lasted 00:05:55 (761 turns).

Ishamoridin the Grappler (Ghoul Monk)                Turns: 761, Time: 00:05:55

Health: -13/66     AC:  2    Str: 15    XL:     7   Next: 0%
Magic:  7/7        EV: 16    Int:  5    God:    Ru [......]
Gold:   121        SH:  0    Dex: 13    Spells: 0 memorised, 6 levels left

rFire  . . .     SeeInvis .       - Unarmed
rCold  + . .     Gourm    .     a - +0 robe
rNeg   + + +     Faith    .     (no shield)
rPois  ∞         Spirit   .     (no helmet)
rElec  .         Dismiss  .     (no cloak)
rCorr  .         Reflect  .     (no gloves)
SustAt .         Harm     .     (no boots)
MR     .....     NoTele   +     (no amulet)
Stlth  +++.......               (no ring)
                                (no ring)

@: rotting, not resistant to hostile enchantments, fairly stealthy
A: rotting body, claws 1, carnivore 3, cold resistance 1, negative energy
resistance 3, slow regeneration 1, torment resistance, unbreathing
a: Sacrifice Resistance, Sacrifice Health, Sacrifice an Eye, Reject Sacrifices,
Renounce Religion


You were in the Dungeon.
You worshipped Ru.
Ru was noncommittal.
You were not hungry.

You visited 1 branch You collected 121 gold pieces.

Inventory:

Hand Weapons
 e - a +0 club
 j - a +0 giant club
 k - a +0 scythe
Missiles
 m - 22 sling bullets
Armour
 a - a +0 robe (worn)
 l - a +0 robe
Wands
 d - a wand of frost (8/48)
Scrolls
 h - a scroll of blinking
Potions
 c - a potion of curing
 f - 2 potions of magic
 g - a potion of berserk rage
Comestibles
 b - a meat ration
 i - 3 chunks of flesh


   Skills:
 + Level 7.4 Fighting
 + Level 7.3 Dodging
 + Level 5.3 Stealth
 + Level 11.1 Unarmed Combat
 + Level 2.6 Evocations


You had 6 spell levels left.
You didn't know any spells.

Dungeon Overview and Level Annotations

Branches:
Dungeon (1/1)

Altars:
Elyvilon
Gozag
Kikubaaqudgha
Makhleb
Nemelex Xobeh
Okawaru
Pakellas
Qazlal
Ru
Sif Muna
Trog
Vehumet
Xom
Yredelemnul
Zin
The Shining One

Shops:
D [


Innate Abilities, Weirdness & Mutations

Your body is rotting away.
You thrive on raw meat.
You are immune to poison.
You have sharp fingernails.
You are carnivorous and can eat meat at any time.
Your flesh is cold resistant.
You are immune to negative energy.
You regenerate slowly when monsters are visible.
You are immune to unholy pain and torment.
You can survive without breathing.


Message History

A centaur warrior comes into view.
The helpless centaur warrior fails to defend itself.
You claw the centaur warrior!
The centaur warrior is lightly wounded.
The centaur warrior misses you.
You scratch the centaur warrior.
The centaur warrior is moderately wounded.
The centaur warrior shouts!
The centaur warrior wields a longbow.
The centaur warrior shoots an arrow.
The arrow hits you!! The centaur warrior hits you.
You scratch the centaur warrior.
The centaur warrior is moderately wounded.
The centaur warrior closely misses you.
The centaur warrior shoots an arrow.
The arrow hits you!!
* * * LOW HITPOINT WARNING * * *
You scratch the centaur warrior.
The centaur warrior is moderately wounded.
The centaur warrior misses you.
The centaur warrior shoots an arrow.
The arrow hits you!!
You die...

#############
#.÷÷..#.÷'..#
'..#..'..#..+
#####+#####'# ####
#### #.####§)#
#__#### ##§#§§§§c#
#_.___##+#.§§§§§§§+
#_.∩...'..._#≈≈§@c#
#_..._##_.#+##+####
#_____###+# #######


You could see 2 centaur warriors.

Vanquished Creatures
  A yak (D)
  Sigmund (D)
  An ogre (D)
  A jelly (D)
  Ijyb (D)
5 creatures vanquished.

Vanquished Creatures (others)
  A gargoyle (D)
1 creature vanquished.

Grand Total: 6 creatures vanquished

Notes
Turn   | Place    | Note
--------------------------------------------------------------
     0 | D        | Ishamoridin the Ghoul Monk began the quest for the Orb.
     0 | D        | Reached XP level 1. HP: 19/19 MP: 0/0
     2 | D        | Noticed Ijyb
    20 | D        | Killed Ijyb
    20 | D        | Reached skill level 6 in Unarmed Combat
    20 | D        | Reached XP level 2. HP: 8/28 MP: 1/1
    20 | D        | Reached XP level 3. HP: 9/34 MP: 2/2
   264 | D        | Noticed an ogre
   271 | D        | Killed an ogre
   271 | D        | Reached skill level 5 in Fighting
   271 | D        | Reached skill level 8 in Unarmed Combat
   271 | D        | Reached skill level 1 in Evocations
   271 | D        | Reached XP level 4. HP: 22/42 MP: 3/3
   335 | D        | Killed a gargoyle
   401 | D        | Noticed Sigmund
   410 | D        | Killed Sigmund
   410 | D        | Reached skill level 9 in Unarmed Combat
   410 | D        | Reached XP level 5. HP: 34/50 MP: 3/5
   410 | D        | Reached XP level 6. HP: 38/57 MP: 3/6
   499 | D        | Found a deep blue altar of Sif Muna.
   501 | D        | Found a radiant altar of Vehumet.
   509 | D        | Reached skill level 10 in Unarmed Combat
   517 | D        | Found Tejiudob's Antique Armour Emporium.
   517 | D        | Found a white marble altar of Elyvilon.
   517 | D        | Found a stormy altar of Qazlal.
   517 | D        | Found a burning altar of Makhleb.
   517 | D        | Found a sacrificial altar of Ru.
   517 | D        | Found an oddly glowing altar of Pakellas.
   517 | D        | Found a basalt altar of Yredelemnul.
   517 | D        | Found a glowing golden altar of the Shining One.
   517 | D        | Found a sparkling altar of Nemelex Xobeh.
   517 | D        | Found a shimmering altar of Xom.
   517 | D        | Found an opulent altar of Gozag.
   517 | D        | Found an ancient bone altar of Kikubaaqudgha.
   517 | D        | Found a glowing silver altar of Zin.
   517 | D        | Noticed a yak
   518 | D        | Found an iron altar of Okawaru.
   528 | D        | Killed a yak
   528 | D        | Reached skill level 5 in Stealth
   528 | D        | Reached skill level 11 in Unarmed Combat
   528 | D        | Reached XP level 7. HP: 24/66 MP: 7/7
   529 | D        | Found a bloodstained altar of Trog.
   741 | D        | Became a worshipper of Ru the Awakened
   754 | D        | Noticed a centaur warrior
   755 | D        | Noticed a centaur warrior
   761 | D        | Shot with an arrow by a centaur warrior

Vault maps used:
D:        dungeon_sprint_1

Action                   |  1- 3 |  4- 6 |  7- 9 || total
-------------------------+-------+-------+-------++-------
Melee: Unarmed           |    15 |    18 |     4 ||    37
Evoke: Wand              |     6 |     1 |       ||     7
  Use: Potion            |     2 |       |       ||     2
 Stab: Sleeping          |     1 |     2 |     1 ||     4
  Eat: Chunk             |       |     1 |       ||     1
